| TOP OF THE 1ST |
|
Pittsburgh Pirates batting - Pitching for St. Louis Cardinals : LHP Danny Rivera
|
|
Pitching: LHP Danny Rivera
|
|
|
Batting: RHB Chiel Palstermans
|
0-0: Ball 1-0: Foul Ball, location: 2F 1-1: Foul Ball, location: 2F 1-2: Foul Ball, location: 2F 1-2: Foul Ball, location: 2F 1-2: SOLO HOME RUN (Flyball, 7D, EV 95.0 MPH), Distance : 360 ft
|
|
Batting: RHB Raul Mendoza
|
0-0: Ball 1-0: Ball 2-0: Called Strike 2-1: Foul Ball, location: 2F 2-2: Foul Ball, location: 2F 2-2: Strikes out swinging
|
|
Batting: SHB Marvin McAleer
|
0-0: Called Strike 0-1: Ball 1-1: Called Strike 1-2: Ball 2-2: Ground out 4-3 (Groundball, 4D, EV 86.2 MPH)
|
|
Batting: RHB David Contreras
|
0-0: Ground out 5-3 (Groundball, 5, EV 100.0 MPH)
|
| Top of the 1st over - 1 run, 1 hit, 0 errors, 0 left on base; Pittsburgh 1 - St. Louis 0 |
| BOTTOM OF THE 1ST |
|
St. Louis Cardinals batting - Pitching for Pittsburgh Pirates : RHP Walt Quinn
|
|
Pitching: RHP Walt Quinn
|
|
|
Batting: SHB Chris Blue
|
0-0: Swinging Strike 0-1: Ball 1-1: Foul Ball, location: 2F 1-2: Strikes out swinging
|
|
Batting: LHB Pat Sutton
|
0-0: Ball 1-0: Ball 2-0: Foul Ball, location: 2F 2-1: Called Strike 2-2: Foul Ball, location: 2F 2-2: Foul Ball, location: 2F 2-2: Ball 3-2: Base on Balls
|
|
Batting: SHB Harry Hoop
|
0-0: Swinging Strike 0-1: Swinging Strike 0-2: Ball 1-2: Ball 2-2: Strikes out swinging
|
|
Batting: RHB Mike Bates
|
0-0: Called Strike 0-1: Called Strike 0-2: Ball 1-2: Ball 2-2: Ground out 5-3 (Groundball, 56, EV 101.9 MPH)
|
| Bottom of the 1st over - 0 runs, 0 hits, 0 errors, 1 left on base; Pittsburgh 1 - St. Louis 0 |
| TOP OF THE 2ND |
|
Pittsburgh Pirates batting - Pitching for St. Louis Cardinals : LHP Danny Rivera
|
|
Batting: RHB Jorge Severiano
|
0-0: Called Strike 0-1: Swinging Strike 0-2: Ball 1-2: Strikes out swinging
|
|
Batting: LHB Micah Boshnjaku
|
0-0: Ball 1-0: Ground out 1-3 (Groundball, 13S, EV 67.5 MPH)
|
|
Batting: RHB Andrew Robinson
|
0-0: Called Strike 0-1: Fly out, F8 (Flyball, 78M, EV 92.5 MPH)
|
| Top of the 2nd over - 0 runs, 0 hits, 0 errors, 0 left on base; Pittsburgh 1 - St. Louis 0 |
| BOTTOM OF THE 2ND |
|
St. Louis Cardinals batting - Pitching for Pittsburgh Pirates : RHP Walt Quinn
|
|
Batting: LHB Armando Carbajal
|
0-0: Swinging Strike 0-1: Called Strike 0-2: Ball 1-2: Ball 2-2: Ball 3-2: Base on Balls
|
|
Batting: LHB Billy Guzman
|
0-0: Called Strike 0-1: Called Strike 0-2: Ball 1-2: Foul Ball, location: 2F 1-2: Ball 2-2: Strikes out looking
|
|
Batting: RHB Jordan Diaz
|
0-0: Called Strike Pickoff Throw to First - Out! 1-3 0-1: Swinging Strike 0-2: Ball 1-2: Ground out 6-3 (Groundball, 6, EV 100.6 MPH)
|
| Bottom of the 2nd over - 0 runs, 0 hits, 0 errors, 0 left on base; Pittsburgh 1 - St. Louis 0 |
| TOP OF THE 3RD |
|
Pittsburgh Pirates batting - Pitching for St. Louis Cardinals : LHP Danny Rivera
|
|
Batting: LHB Xavier Pittman
|
0-0: Ball 1-0: Called Strike 1-1: Ball 2-1: Called Strike 2-2: Strikes out swinging
|
|
Batting: SHB Jack Andrews
|
0-0: Called Strike 0-1: Foul Ball, location: 2F 0-2: Ball 1-2: Fly out, F7 (Flyball, 78M, EV 86.9 MPH)
|
|
Batting: RHB Chiel Palstermans
|
0-0: Ball 1-0: Called Strike 1-1: Foul Ball, location: 2F 1-2: Strikes out swinging
|
| Top of the 3rd over - 0 runs, 0 hits, 0 errors, 0 left on base; Pittsburgh 1 - St. Louis 0 |
| BOTTOM OF THE 3RD |
|
St. Louis Cardinals batting - Pitching for Pittsburgh Pirates : RHP Walt Quinn
|
|
Batting: RHB Melvin Enriquez
|
0-0: Ground out 6-3 (Groundball, 6, EV 110.0 MPH)
|
|
Batting: RHB Klaas Meij
|
0-0: Called Strike 0-1: Ball 1-1: Ball 2-1: Called Strike 2-2: Foul Ball, location: 2F 2-2: Strikes out looking
|
|
Batting: SHB Chris Blue
|
0-0: Ball 1-0: Ground out U3 (Groundball, 3, EV 94.4 MPH)
|
| Bottom of the 3rd over - 0 runs, 0 hits, 0 errors, 0 left on base; Pittsburgh 1 - St. Louis 0 |
| TOP OF THE 4TH |
|
Pittsburgh Pirates batting - Pitching for St. Louis Cardinals : LHP Danny Rivera
|
|
Batting: RHB Raul Mendoza
|
0-0: Ball 1-0: Foul Ball, location: 2F 1-1: Foul Ball, location: 2F 1-2: Foul Ball, location: 2F 1-2: Ball 2-2: Foul Ball, location: 2F 2-2: Strikes out swinging
|
|
Batting: SHB Marvin McAleer
|
0-0: Ball 1-0: Ball 2-0: Ball 3-0: Foul Ball, location: 2F 3-1: Called Strike 3-2: Ground out 1-3 (Groundball, 25, EV 62.5 MPH)
|
|
Batting: RHB David Contreras
|
0-0: Ball 1-0: Fly out, F4 (Line Drive, 4M, EV 73.8 MPH)
|
| Top of the 4th over - 0 runs, 0 hits, 0 errors, 0 left on base; Pittsburgh 1 - St. Louis 0 |
| BOTTOM OF THE 4TH |
|
St. Louis Cardinals batting - Pitching for Pittsburgh Pirates : RHP Walt Quinn
|
|
Batting: LHB Pat Sutton
|
0-0: Ball 1-0: Fly out, F8 (Flyball, 78XD, EV 95.0 MPH)
|
|
Batting: SHB Harry Hoop
|
0-0: Ball 1-0: Called Strike 1-1: Ball 2-1: Called Strike 2-2: Foul Ball, location: 2F 2-2: Ball 3-2: Base on Balls
|
|
Batting: RHB Mike Bates
|
0-0: Foul Ball, location: 2F 0-1: Foul Ball, location: 2F 0-2: Ball 1-2: Strikes out swinging
|
|
Batting: LHB Armando Carbajal
|
0-0: Ball 1-0: Foul Ball, location: 2F 1-1: Ball 2-1: Ball 3-1: Called Strike 3-2: Fly out, F9 (Flyball, 9D, EV 95.0 MPH)
|
| Bottom of the 4th over - 0 runs, 0 hits, 0 errors, 1 left on base; Pittsburgh 1 - St. Louis 0 |
| TOP OF THE 5TH |
|
Pittsburgh Pirates batting - Pitching for St. Louis Cardinals : LHP Danny Rivera
|
|
Batting: RHB Jorge Severiano
|
0-0: Called Strike 0-1: Ball 1-1: Foul Ball, location: 2F 1-2: Ball 2-2: Foul Ball, location: 2F 2-2: Ball 3-2: Foul Ball, location: 2F 3-2: Base on Balls
|
|
Batting: LHB Micah Boshnjaku
|
0-0: Ball 1-0: Ball 2-0: Fly out, F8 (Flyball, 8LM, EV 83.1 MPH)
|
|
Batting: RHB Andrew Robinson
|
0-0: Called Strike 0-1: Ball 1-1: Ball 2-1: Foul Ball, location: 2F 2-2: Ground out 6-3 (Groundball, 6S, EV 70.0 MPH) Jorge Severiano to second
|
|
Batting: LHB Xavier Pittman
|
0-0: Intentional Walk
|
|
Batting: SHB Jack Andrews
|
0-0: Fly out, F9 (Flyball, 9LD, EV 101.9 MPH)
|
| Top of the 5th over - 0 runs, 0 hits, 0 errors, 2 left on base; Pittsburgh 1 - St. Louis 0 |
| BOTTOM OF THE 5TH |
|
St. Louis Cardinals batting - Pitching for Pittsburgh Pirates : RHP Walt Quinn
|
|
Batting: LHB Billy Guzman
|
0-0: Swinging Strike 0-1: SOLO HOME RUN (Flyball, 9D, EV 97.5 MPH), Distance : 363 ft
|
|
Batting: RHB Jordan Diaz
|
0-0: Foul Ball, location: 2F 0-1: Ball 1-1: Foul Ball, location: 2F 1-2: Ball 2-2: Strikes out swinging
|
|
Batting: RHB Melvin Enriquez
|
0-0: Called Strike 0-1: SOLO HOME RUN (Flyball, 7D, EV 95.0 MPH), Distance : 366 ft
|
|
Batting: RHB Klaas Meij
|
0-0: Ball 1-0: Called Strike 1-1: Fly out, F6 (Popup, 6, EV 71.9 MPH)
|
|
Batting: SHB Chris Blue
|
0-0: Ground out 4-3 (Groundball, 4, EV 86.2 MPH)
|
| Bottom of the 5th over - 2 runs, 2 hits, 0 errors, 0 left on base; Pittsburgh 1 - St. Louis 2 |
| TOP OF THE 6TH |
|
Pittsburgh Pirates batting - Pitching for St. Louis Cardinals : LHP Danny Rivera
|
|
Batting: RHB Chiel Palstermans
|
0-0: Called Strike 0-1: Ball 1-1: Called Strike 1-2: Ball 2-2: Foul Ball, location: 2F 2-2: Foul Ball, location: 2F 2-2: Foul Ball, location: 2F 2-2: Strikes out swinging
|
|
Batting: RHB Raul Mendoza
|
0-0: Ball 1-0: Fly out, F9 (Flyball, 89S, EV 87.5 MPH)
|
|
Batting: SHB Marvin McAleer
|
0-0: Swinging Strike 0-1: Ball 1-1: Fly out, F7 (Flyball, 78S, EV 80.0 MPH)
|
| Top of the 6th over - 0 runs, 0 hits, 0 errors, 0 left on base; Pittsburgh 1 - St. Louis 2 |
| BOTTOM OF THE 6TH |
|
St. Louis Cardinals batting - Pitching for Pittsburgh Pirates : RHP Walt Quinn
|
|
Batting: LHB Pat Sutton
|
0-0: Ball 1-0: Called Strike 1-1: Foul Ball, location: 2F 1-2: Ball 2-2: Strikes out swinging
|
|
Batting: SHB Harry Hoop
|
0-0: Ball 1-0: Ball 2-0: DOUBLE (Flyball, 8RXD, EV 90.6 MPH)
|
|
Batting: RHB Mike Bates
|
0-0: 2-RUN HOME RUN (Flyball, 78XD, EV 99.4 MPH), Distance : 397 ft
|
|
Batting: LHB Armando Carbajal
|
0-0: Ball 1-0: Ball 2-0: Ball 3-0: Base on Balls
|
|
Batting: LHB Billy Guzman
|
0-0: Called Strike 0-1: Ball 1-1: Called Strike 1-2: Fly out, F8 (Flyball, 8RD, EV 101.2 MPH)
|
|
Batting: RHB Jordan Diaz
|
0-0: Swinging Strike 0-1: Swinging Strike 0-2: Ball 1-2: Ground out 6-3 (Groundball, P, EV 85.0 MPH)
|
| Bottom of the 6th over - 2 runs, 2 hits, 0 errors, 1 left on base; Pittsburgh 1 - St. Louis 4 |
| TOP OF THE 7TH |
|
Pittsburgh Pirates batting - Pitching for St. Louis Cardinals : LHP Danny Rivera
|
|
Batting: RHB David Contreras
|
0-0: Called Strike 0-1: Ball 1-1: Ball 2-1: Ball 3-1: Called Strike 3-2: Foul Ball, location: 2F 3-2: Strikes out looking
|
|
Batting: RHB Jorge Severiano
|
0-0: Hit by Pitch
|
|
Batting: LHB Micah Boshnjaku
|
0-0: Ball 1-0: Foul Ball, location: 2F 1-1: Called Strike 1-2: Strikes out swinging
|
|
Batting: RHB Andrew Robinson
|
0-0: Ball 1-0: Ball Jorge Severiano steals 2nd, throwing error, E2 Jorge Severiano to third 2-0: SINGLE (Flyball, 8LS, EV 97.5 MPH) Jorge Severiano scores
|
|
Batting: LHB Xavier Pittman
|
0-0: Ground out 4-3 (Groundball, 4, EV 103.1 MPH)
|
| Top of the 7th over - 1 run, 1 hit, 1 error, 1 left on base; Pittsburgh 2 - St. Louis 4 |
| BOTTOM OF THE 7TH |
|
St. Louis Cardinals batting - Pitching for Pittsburgh Pirates : RHP Walt Quinn
|
|
Pitching: LHP Jimmy Vanthournoutingtonle
|
|
|
Batting: RHB Melvin Enriquez
|
0-0: Fly out, F9 (Flyball, 89S, EV 89.4 MPH)
|
|
Batting: RHB Klaas Meij
|
0-0: Ball 1-0: Foul Ball, location: 2F 1-1: Foul Ball, location: 2F 1-2: Ball 2-2: Ball 3-2: Strikes out swinging
|
|
Batting: SHB Chris Blue
|
0-0: Called Strike 0-1: Ball 1-1: Foul Ball, location: 2F 1-2: SINGLE (Groundball, 56S, EV 68.8 MPH) (infield hit)
|
|
Batting: LHB Pat Sutton
|
0-0: Called Strike Chris Blue steals 2nd base 0-1: Ball 1-1: Ball 2-1: Ball 3-1: Swinging Strike 3-2: SINGLE (Groundball, 4, EV 106.2 MPH) Chris Blue to third Runner from 3rd tries for Home, SAFE, throw by CF to home
|
|
Batting: SHB Harry Hoop
|
0-0: Called Strike 0-1: Ball 1-1: Fly out, F9 (Flyball, 9S, EV 95.0 MPH)
|
| Bottom of the 7th over - 1 run, 2 hits, 0 errors, 1 left on base; Pittsburgh 2 - St. Louis 5 |
| TOP OF THE 8TH |
|
Pittsburgh Pirates batting - Pitching for St. Louis Cardinals : LHP Danny Rivera
|
|
Pitching: RHP Josh Sandoval
|
|
|
Batting: SHB Jack Andrews
|
0-0: Ball 1-0: Ground out U3 (Groundball, 3S, EV 71.2 MPH)
|
|
Batting: RHB Chiel Palstermans
|
0-0: Called Strike 0-1: Ball 1-1: Ball 2-1: Swinging Strike 2-2: Foul Ball, location: 2F 2-2: Ball 3-2: Strikes out swinging
|
|
Batting: RHB Raul Mendoza
|
0-0: Fly out, F7 (Flyball, 7, EV 85.0 MPH)
|
| Top of the 8th over - 0 runs, 0 hits, 0 errors, 0 left on base; Pittsburgh 2 - St. Louis 5 |
| BOTTOM OF THE 8TH |
|
St. Louis Cardinals batting - Pitching for Pittsburgh Pirates : LHP Jimmy Vanthournoutingtonle
|
|
Pitching: RHP Rogelio Nunez
|
|
|
Batting: RHB Mike Bates
|
0-0: Ball 1-0: Ground out 6-3 (Groundball, 6, EV 111.2 MPH)
|
|
Batting: LHB Armando Carbajal
|
0-0: DOUBLE (Line Drive, 8LXD, EV 105.0 MPH)
|
|
Batting: LHB Billy Guzman
|
0-0: Intentional Walk
|
|
Batting: RHB Jordan Diaz
|
0-0: Ground out 5-3 (Groundball, 56S, EV 63.8 MPH) Armando Carbajal to third Billy Guzman to second
|
|
Batting: RHB Melvin Enriquez
|
0-0: Ball 1-0: Swinging Strike 1-1: Called Strike 1-2: Ball 2-2: Strikes out looking
|
| Bottom of the 8th over - 0 runs, 1 hit, 0 errors, 2 left on base; Pittsburgh 2 - St. Louis 5 |
| TOP OF THE 9TH |
|
Pittsburgh Pirates batting - Pitching for St. Louis Cardinals : RHP Josh Sandoval
|
|
Pitching: RHP Bryan Banana
|
|
|
Batting: SHB Marvin McAleer
|
0-0: SINGLE (Line Drive, 6MD, EV 100.6 MPH)
|
|
Batting: RHB David Contreras
|
0-0: DOUBLE (Line Drive, 9LM, EV 103.1 MPH) Marvin McAleer to third
|
|
Batting: RHB Jorge Severiano
|
0-0: Ground out 5-3 (Groundball, 56, EV 75.6 MPH) Marvin McAleer scores
|
|
Batting: LHB Micah Boshnjaku
|
0-0: Swinging Strike 0-1: Ball 1-1: SINGLE (Groundball, 34D, EV 94.4 MPH) David Contreras to third
|
|
Pinch Hitting: LHB Chris Salim
|
0-0: Called Strike 0-1: DOUBLE (Line Drive, 9LS, EV 101.2 MPH) David Contreras scores Micah Boshnjaku to third Runner from 3rd tries for Home, SAFE, no throw by RF
|
|
Batting: LHB Xavier Pittman
|
0-0: Fly out, F8 (Line Drive, 8LM, EV 107.5 MPH)
|
|
Batting: SHB Jack Andrews
|
0-0: Ball 1-0: Called Strike 1-1: Called Strike 1-2: Strikes out looking
|
| Top of the 9th over - 3 runs, 4 hits, 0 errors, 1 left on base; Pittsburgh 5 - St. Louis 5 |
| BOTTOM OF THE 9TH |
|
St. Louis Cardinals batting - Pitching for Pittsburgh Pirates : RHP Rogelio Nunez
|
|
Now at 1B: Trevor Weareorwear
|
|
|
Pinch Hitting: SHB Antoine Roux
|
0-0: Called Strike 0-1: Ground out 4-3 (Groundball, 34, EV 101.2 MPH)
|
|
Batting: SHB Chris Blue
|
0-0: Called Strike 0-1: Ball 1-1: DOUBLE (Line Drive, 7LM, EV 111.2 MPH)
|
|
Batting: LHB Pat Sutton
|
0-0: Ball 1-0: DOUBLE (Flyball, 8LXD, EV 94.4 MPH) Chris Blue scores
|
| Bottom of the 9th over - 1 run, 2 hits, 0 errors, 1 left on base; Pittsburgh 5 - St. Louis 6 |
|